 Dungeon Crawl Stone Soup version 0.24.1-11-gbbbb2193e6 (webtiles) character file.

Game seed: 2976201715394740250, levelgen mode: deterministic

1836 Mrkan the Grappler (level 8, 0/83 HPs)
             Began as a Troll Fighter on May 14, 2020.
             Was a Priest of Elyvilon.
             Slain by an orc warrior
             ... wielding a +0 flail
              (21 damage)
             ... on level 6 of the Dungeon.
             The game lasted 00:07:30 (4499 turns).

Mrkan the Grappler (Troll Fighter)                  Turns: 4499, Time: 00:07:30

Health: 0/83       AC:  9    Str: 25    XL:     8   Next: 87%
Magic:  7/7        EV:  8    Int:  6    God:    Elyvilon [***...]
Gold:   348        SH:  9    Dex:  9    Spells: 7/7 levels left

rFire    . . .     SeeInvis .     - Unarmed
rCold    . . .     Gourm    +   b - +0 shield
rNeg     . . .     Faith    .   a - +0 robe
rPois    .         Spirit   .   (helmet restricted)
rElec    .         Reflect  .   n - +2 cloak
rCorr    .         Harm     .   (gloves unavailable)
MR       .....                  (boots unavailable)
Stlth    +.........             (no amulet)
HPRegen  0.63/turn              (no ring)
MPRegen  0.10/turn              (no ring)

@: no status effects
A: large, unfitting armour, claws 3, fast metabolism 3, gourmand, regeneration
1, shaggy fur 1, tough skin 3
a: Lesser Healing, Heal Other, Purification, Divine Protection, Renounce
Religion


You were on level 6 of the Dungeon.
You worshipped Elyvilon.
Elyvilon was most pleased with you.
You were completely stuffed.

You visited 1 branch of the dungeon, and saw 6 of its levels.

You collected 348 gold pieces.

Inventory:

Hand Weapons
 s - a +2 flail of holy wrath
Missiles
 e - 286 stones (quivered)
 m - 5 poisoned darts
 A - 15 arrows
Armour
 a - a +0 robe (worn)
 b - a +0 shield (worn)
 n - a +2 cloak (worn)
Jewellery
 o - an uncursed amulet of the acrobat {unknown}
 p - an uncursed amulet of guardian spirit {unknown}
 x - an uncursed ring of protection from fire {unknown}
 y - a +4 ring of strength {unknown}
Wands
 v - a wand of iceblast (5)
 w - a wand of paralysis (6)
Scrolls
 f - 7 scrolls of identify {unknown}
 j - 3 scrolls of teleportation {unknown}
 k - a scroll of immolation {unknown}
 q - a scroll of amnesia {unknown}
 u - 2 scrolls of enchant armour {unknown}
 B - a scroll of remove curse {unknown}
Potions
 c - a potion of might
 g - a potion of heal wounds {unknown}
 h - 3 potions of curing {unknown}
 i - a potion of berserk rage {unknown}
 l - 3 potions of mutation {unknown}
 t - a potion of flight {unknown}
 z - 2 potions of haste {unknown}
 C - 2 potions of degeneration {unknown}
Comestibles
 d - 6 rations
 r - 5 chunks of flesh


   Skills:
 + Level 6.0 Fighting
 - Level 2.4 Dodging
 * Level 3.7 Shields
 - Level 9.0 Unarmed Combat


You had 7 spell levels left.
You didn't know any spells.
Your spell library was empty.

Dungeon Overview and Level Annotations

Branches:
Dungeon (6/15)
 Temple: D:4-7

Altars:
Dithmenos
Elyvilon
Gozag
Vehumet
Wu Jian
Yredelemnul
Zin
Beogh

Shops:
D:2 *


Innate Abilities, Weirdness & Mutations

You are too large for most types of armour.
You have claws for hands.
Your metabolism is lightning-fast.
You like to eat raw meat.
Your natural rate of healing is unusually fast.
You are covered in fur. (AC +1)
You have extremely tough skin. (AC +3)


Message History

You scratch something. The orc hits you with a +0 hand axe! The orc hits you.
Something hits you!
You closely miss the orc. You scratch something but do no damage.
The orc closely misses you. The orc barely misses you. Something hits you!!
You closely miss the orc. The orc hits you but does no damage.
You block the orc's attack. Something hits you!!
* * * LOW HITPOINT WARNING * * *
You closely miss something. You block the orc's attack.
The orc hits you but does no damage.
You claw the orc!
You kill the orc!
You block something's attack. The orc hits you but does no damage.
You scratch the orc.
The orc is almost dead.
Something completely misses you. The orc hits you but does no damage.
You closely miss the orc.
The orc is almost dead.
Something hits you!!
You die...

...รท..#..............#
......#..............#
......'..............+
......#..............#
......#...........
......#.......##.. ####
#######......^##'###.....
#...........".#.....
#.........o@..'.....
#.............#....
#.............# .
#.............#
##..####+##...#
#######..# #####
#..../...# #........#
#........#


You could see an orc.

Vanquished Creatures
  4 yaks
  Edmund (D:4)
  An orc warrior (D:5)
  A phantom (D:4)
  A centaur (D:5)
  A howler monkey (D:4)
  A crimson imp (D:5)
  A jelly (D:4)
  7 orc priests
  Crazy Yiuf (D:2)
  2 hounds
  7 orc wizards
  4 worker ants
  A killer bee zombie (D:6)
  3 gnolls (D:3)
  3 adders
  3 oozes
  An adder skeleton (D:5)
  2 worms
  A dart slug (D:1)
  2 leopard geckos
  24 orcs
  3 ball pythons
  2 giant cockroaches
  7 goblins
  7 hobgoblins
  3 jackals
  7 kobolds
  A quokka (D:2)
  9 bats
  4 frilled lizards
  A quokka zombie (D:6)
  9 rats
125 creatures vanquished.

Notes
Turn   | Place    | Note
-------+----------+-------------------------------------------
     0 | D:1      | Mrkan the Troll Fighter began the quest for the Orb.
     0 | D:1      | Reached XP level 1. HP: 22/22 MP: 0/0
    45 | D:1      | Reached XP level 2. HP: 7/29 MP: 1/1
   176 | D:1      | Reached skill level 3 in Unarmed Combat
   354 | D:1      | Reached XP level 3. HP: 36/36 MP: 2/2
   643 | D:2      | Found a white marble altar of Elyvilon.
   689 | D:2      | Became a worshipper of Elyvilon the Healer
   854 | D:2      | Found Zin's Purification Station.
   855 | D:2      | Found a glowing silver altar of Zin.
  1160 | D:2      | Found a runed translucent door.
  1161 | D:2      | Noticed Crazy Yiuf
  1174 | D:2      | Killed Crazy Yiuf
  1174 | D:2      | Reached XP level 4. HP: 33/45 MP: 3/3
  1424 | D:3      | Reached skill level 4 in Unarmed Combat
  1478 | D:3      | Reached * piety under Elyvilon
  1498 | D:3      | Found a roughly hewn altar of Beogh.
  1573 | D:3      | Reached XP level 5. HP: 46/53 MP: 4/4
  1820 | D:3      | Found an opulent altar of Gozag.
  1830 | D:3      | Found a shadowy altar of Dithmenos.
  1830 | D:3      | Found an ornate altar of the Wu Jian Council.
  1842 | D:3      | Found a basalt altar of Yredelemnul.
  1842 | D:3      | Found a radiant altar of Vehumet.
  2459 | D:4      | Reached skill level 5 in Unarmed Combat
  2468 | D:4      | Reached XP level 6. HP: 50/62 MP: 5/5
  2575 | D:4      | Noticed Edmund
  2586 | D:4      | Killed Edmund
  2586 | D:4      | Reached skill level 6 in Unarmed Combat
  2676 | D:4      | Reached ** piety under Elyvilon
  2712 | D:4      | Reached XP level 7. HP: 64/70 MP: 6/6
  3238 | D:5      | Entered Level 5 of the Dungeon
  3245 | D:4      | Reached skill level 7 in Unarmed Combat
  3596 | D:5      | Noticed a yak
  3603 | D:5      | Noticed a yak
  3605 | D:5      | Noticed a yak
  3606 | D:5      | Noticed a yak
  3610 | D:5      | Elyvilon protects you from harm!
  3611 | D:5      | Killed a yak
  3611 | D:5      | Reached skill level 5 in Fighting
  3611 | D:5      | Reached XP level 8. HP: 6/80 MP: 7/7
  3624 | D:4      | Reached skill level 8 in Unarmed Combat
  3848 | D:5      | Reached skill level 9 in Unarmed Combat
  4117 | D:5      | Reached *** piety under Elyvilon
  4499 | D:6      | Slain by an orc warrior

Levels and vault maps discovered:
D:1:      mushboom_english_gardens, layout_basic
D:2:      minmay_alternating_diamond, layout_loops_cross, zin_purify,
          elyvilon_altar_5, first_ration, hex_medium, uniq_crazy_yiuf_cottage
D:3:      layout_basic, minmay_overflow_temple_star_hex, kennysheep_orc_chapel
D:4:      layout_basic, uniq_edmund
D:5:      layout_rooms, st_stairs_1
D:6:      layout_gridville, minmay_temple_entry_proselytizer,
          minmay_starry_boxes

Skill      XL: |  1  2  3  4  5  6  7  8 |
---------------+-------------------------+-----
Unarmed Combat | 3 4 5 6 7 9 |  9.0
Fighting       | 3 4 5 6 |  6.0
Shields        | 3 |  3.7
Dodging        | |  2.4

Action                   |  1- 3 |  4- 6 |  7- 9 || total
-------------------------+-------+-------+-------++-------
Melee: Unarmed           |   121 |   139 |   185 ||   445
  Eat: Chunk             |     9 |    17 |    18 ||    44
       Ration            |     1 |       |       ||     1
Armor: Robe              |    72 |    54 |    84 ||   210
Dodge: Dodged            |    63 |    54 |    69 ||   186
Block: Shield            |    89 |    76 |    94 ||   259
